 Dungeon Crawl Stone Soup version 0.21-a0-442-g848f44b (webtiles) character file.

8 4thArraOfDagon the Skirmisher (level 2, -2/24 HPs)
             Began as a Demonspawn Abyssal Knight on Nov 14, 2017.
             Was an Initiate of Lugonu.
             Slain by a leopard gecko (3 damage)
             ... on level 1 of the Dungeon.
             The game lasted 00:01:03 (218 turns).

4thArraOfDagon the Skirmisher (DsAK)                 Turns: 218, Time: 00:01:04

Health: -2/24      AC:  3    Str: 12    XL:     2   Next: 0%
Magic:  3/3        EV: 11    Int: 13    God:    Lugonu [......]
Gold:   24         SH:  0    Dex: 12    Spells: 1/1 levels left

rFire    . . .     SeeInvis .   e - +1 whip (elec)
rCold    . . .     Gourm    .   (no shield)
rNeg     . . .     Faith    .   a - +0 leather armour
rPois    .         Spirit   .   (no helmet)
rElec    .         Reflect  .   (no cloak)
rCorr    .         Harm     .   (no gloves)
MR       .....                  (no boots)
Stlth    +.........             (no amulet)
HPRegen  0.08/turn              (no ring)
MPRegen  0.08/turn              (no ring)

@: no status effects
A: claws 1
a: Renounce Religion


You were on level 1 of the Dungeon.
You worshipped Lugonu.
Lugonu was noncommittal.
You were not hungry.

You visited 1 branch of the dungeon, and saw 1 of its levels.
You visited the Abyss 1 time.

You collected 24 gold pieces.

Inventory:

Hand Weapons
 e - a +1 whip of electrocution (weapon)
Armour
 a - a +0 leather armour (worn)
Scrolls
 c - a scroll of recharging {unknown}
 d - a scroll of magic mapping {unknown}
 g - a scroll of identify {unknown}
Comestibles
 b - a bread ration
 f - a royal jelly
 h - a meat ration


   Skills:
 - Level 3.0 Fighting
 - Level 1.7 Armour
 - Level 0.8 Dodging
 * Level 2.5 Unarmed Combat
 - Level 2.4 Invocations


You had one spell level left.
You didn't know any spells.

Dungeon Overview and Level Annotations

Branches:
Dungeon (1/15)

Altars:


Innate Abilities, Weirdness & Mutations

You have sharp fingernails.


Message History

Your fingernails lengthen.
h - a meat ration
Found 14 gold pieces.
You now have 24 gold pieces (gained 14).
A leopard gecko comes into view.
The leopard gecko hisses angrily.
Found 24 stones.
The leopard gecko barely misses you.
You miss the leopard gecko. The leopard gecko barely misses you.
You barely miss the leopard gecko. The leopard gecko bites you.
* * * LOW HITPOINT WARNING * * *
You barely miss the leopard gecko. The leopard gecko barely misses you. x2
You hit the leopard gecko.
The leopard gecko is severely wounded.
The leopard gecko bites you.
* * * LOW HITPOINT WARNING * * *
You miss the leopard gecko.
The leopard gecko is severely wounded.
The leopard gecko bites you.
You die...

### #.. #.#
#.# #.# #.#
##.########.
##.##
#...........
##...##
#..#@....(..
#.....
#..#l######.
#....##.
#..#.#
#......
#..#.#
#..).#
#..#.#
#....#
#..#.####
#...(#
#.........
#..#.#
#.##.#####
#..#.#
#.##.#
#..#.#


You could see a leopard gecko.

Vanquished Creatures
  A dart slug (D:1)
  A bat (D:1)
  A goblin (D:1)
  2 kobolds (D:1)
  2 rats (D:1)
7 creatures vanquished.

Notes
Turn   | Place    | Note
-------+----------+-------------------------------------------
     0 | Abyss:1  | 4thArraOfDagon the Demonspawn Abyssal Knight began the quest for the Orb.
     0 | Abyss:1  | Reached XP level 1. HP: 18/18 MP: 2/2
    39 | Abyss:1  | Noticed a large abomination
    41 | Abyss:1  | Noticed an ancient zyme
    72 | Abyss:1  | Noticed an ancient zyme
    74 | D:1      | Escaped the Abyss
   166 | D:1      | Gained mutation: You have sharp fingernails. [demonic ancestry]
   166 | D:1      | Reached XP level 2. HP: 5/24 MP: 3/3
   217 | D:1      | HP: 1/24 [leopard gecko (5)]
   218 | D:1      | Slain by a leopard gecko

Vault maps used:
D:1:      dpeg_arrival_round_c, minmay_statues_item, st_stairs_7, nrook_uturn
Abyss:1:  minivault_24, bh_abyss_xom_lugonu_altar

Skill      XL: |  1 |
---------------+----+-----
Unarmed Combat | 2 |  2.5
Fighting       | |  3.0
Armour         | |  1.7
Dodging        | |  0.8
Invocations    | |  2.4

Action                   || total
-------------------------++-------
Melee: Whip              ||    15
       Unarmed           ||     8
Invok: Depart the Abyss  ||     1
Armor: Leather armour    ||     3
Dodge: Dodged            ||    10

Table legend:
 A = Spawn XP
 B = Non-spawn XP
 C = Spawn XP percentage of total XP
 D = Spawn monster count
 E = Non-spawn monster count
 F = Spawn count percentage of total count
 G = Total turns spent on level
                    A         B        C        D         E        F      G
               +---------+---------+-------+---------+---------+-------+---------
         Total |       0 |      12 |   0.0 |       0 |       7 |   0.0 |   218
               +---------+---------+-------+---------+---------+-------+---------
           D:1 |       0 |      12 |   0.0 |       0 |       7 |   0.0 |   144
               +---------+---------+-------+---------+---------+-------+---------
